Ice Caps vs Senators

Created - Sunday, March 27, 2016 at 03:08

Goals
1 2 3 OT1 T
Ice Caps 0 0 1 0 1
Senators 0 1 0 1 2
Shots
1 2 3 OT1 T
Ice Caps 5 4 11 2 22
Senators 9 12 13 1 35

1st period

No Goal

Penalties :
Colin Greening (BIN) for Holding (Minor) at 0:22, Ryan Craig (BIN) for Holding (Minor) at 3:25, Mike Brown (BIN) for Holding (Minor) at 6:51, Tim Kennedy (STJ) for High sticking (Minor) at 15:55

2nd period

1. Senators , Kyle Brodziak 3 (Josh Leivo) at 1:29

Penalties :
Tom Nilsson (BIN) for Elbowing (Minor) at 13:02

3rd period

2. Ice Caps , TJ Galiardi 3 (Patrick Dwyer) at 1:04 (SH)

Penalties :
Bobby Sanguinetti (STJ) for High sticking (Double Minor) at 0:43, Troy Bodie (STJ) for Roughing (Minor) at 5:55

Overtime #1

3. Senators , Emerson Etem 16 (Cody Hodgson, Joe Finley) at 1:20

Penalties :
No Penalty

Goalie Stats

Jeff Zatkoff (STJ), 33 saves from 35 shots - (0.943), OTL, 28-6-12, 61:20 minutes
Jean-Francois Berube (BIN), 21 saves from 22 shots - (0.955), W, 29-19-21, 61:20 minutes

Players Stats for Ice Caps

Player Name              G  A  P  +/- PIM S  H  SB GA TA FO     MP     PP MP  PK MP  
------------------------------------------------------------------------------------
Alex Biega               0  0  0   0  0   0  0  0  1  2  0/0    26:26   4:28   4:26 
B.J. Crombeen            0  0  0  -1  0   6  2  0  4  2  0/0    16:27   3:30   0:22 
Barry Goers              0  0  0   0  0   0  2  0  0  1  0/0    13:10   0:00   0:00 
Bobby Sanguinetti        0  0  0   0  4   1  3  1  0  2  0/0    24:25   4:28   2:00 
Brandon Yip              0  0  0   0  0   0  2  1  0  1  1/1    13:16   0:00   0:00 
Derek Grant              0  0  0   0  0   0  4  0  5  0  4/10   14:36   0:00   1:20 
Drew LeBlanc             0  0  0   0  0   0  0  2  0  0  0/1     8:04   0:00   0:00 
FARM PLAYER31            0  0  0   0  0   0  0  0  0  0  0/0    15:26   0:00   2:16 
Kyle MacKinnon           0  0  0   0  0   1  0  0  0  0  1/2     3:37   0:45   0:00 
Nathan Oystrick          0  0  0  -1  0   1  3  0  1  1  0/0    21:44   3:28   3:31 
Nick D'Agostino          0  0  0  -1  0   0  1  1  0  2  0/0    22:11   3:28   3:58 
Patrick Dwyer            0  1  1   0  0   2  1  0  2  1  0/1    20:02   4:26   4:54 
Paul Carey               0  0  0   0  0   0  0  1  2  0  0/2    15:50   0:00   2:29 
Shawn Thornton           0  0  0   0  0   2  4  1  3  1  0/0    15:47   4:26   1:14 
Tim Kennedy              0  0  0   0  2   0  2  1  2  1  1/3     8:27   0:00   0:00 
TJ Galiardi              1  0  1   0  0   3  0  1  3  1  11/20  23:34   3:41   4:04 
Trevor Smith             0  0  0  -1  0   3  2  0  0  0  7/13   18:09   3:30   1:14 
Troy Bodie               0  0  0  -1  2   3  1  2  0  0  0/0    16:09   3:30   0:00 

Players Stats for Senators

Player Name              G  A  P  +/- PIM S  H  SB GA TA FO     MP     PP MP  PK MP  
------------------------------------------------------------------------------------
Cody Hodgson             0  1  1   1  0   1  1  0  2  1  11/19  20:31   3:32   4:55 
Colin Greening           0  0  0   0  2   2  4  0  2  0  0/2    15:58   3:32   1:45 
Colton Orr               0  0  0   0  0   1  1  0  0  0  0/0     3:53   0:22   0:00 
Connor Brown             0  0  0   0  0   1  1  0  0  0  0/0     6:02   0:00   0:00 
Emerson Etem             1  0  1   1  0   6  1  1  4  3  3/13   22:34   3:10   4:45 
Eric Knodel              0  0  0   0  0   0  5  0  1  1  0/0    25:19   3:58   5:33 
Greg Nemisz              0  0  0  -1  0   4  3  0  3  0  0/0    17:37   4:25   0:00 
Jesse Blacker            0  0  0   0  0   1  1  0  0  3  0/0    25:19   3:58   5:33 
Joe Finley               0  1  1   1  0   1  2  0  0  1  0/0    22:44   3:59   2:23 
Josh Leivo               0  1  1   1  0   5  2  0  3  0  0/0    14:01   0:00   0:00 
Kenny Ryan               0  0  0   1  0   2  1  0  0  0  0/0    16:41   0:00   2:32 
Kyle Brodziak            1  0  1   1  0   1  2  1  4  1  6/8    14:01   0:00   0:00 
Matt Finn                0  0  0   0  0   0  0  1  0  2  0/0    13:17   0:00   0:00 
Mike Brown               0  0  0  -1  2   3  1  0  4  1  0/1    17:36   4:25   0:00 
Philip McRae             0  0  0   0  0   1  0  0  0  2  2/2     6:02   0:00   0:00 
Ryan Craig               0  0  0  -1  2   3  1  0  1  1  6/8    19:41   4:25   1:55 
Tom Nilsson              0  0  0   0  2   0  0  0  0  0  0/0    13:20   0:00   0:00 
Viktor Loov              0  0  0   1  0   3  1  0  0  0  0/0    22:44   3:59   2:23 

3 Stars

1 - Jean-Francois Berube (BIN)
2 - Kyle Brodziak (BIN)
3 - Emerson Etem (BIN)

Power Play

Ice Caps - 0 on 4 Attempt(s) - 0.00%
Senators - 0 on 4 Attempt(s) - 0.00%

Penalty Kill

Ice Caps - 4 on 4 Attempt(s) - 100.00% - Score 1 goal in Penalty Kill
Senators - 4 on 4 Attempt(s) - 100.00% - Score 0 goal in Penalty Kill

Team Stat

Ice Caps - Hits : 27 - Faceoff Wins : 25 - Blocked Shots : 11 - Penalty Minutes : 8
Senators - Hits : 27 - Faceoff Wins : 28 - Blocked Shots : 3 - Penalty Minutes : 8

Official

Referees : Unknown
Linesman : Unknown

Game Notes

17:02 of 1st period - Senators goal is going for a video replay. After video review, No Goal. The puck has been kicked using a distinct kicking motion.

Finance

Level 1 -- Attendance: 1370 (68.50%) -- Ticket Income $47,950
Level 2 -- Attendance: 726 (72.60%) -- Ticket Income $10,890
Total Attendance: 2096 (69.87%)
Total Ticket Income: $58,840
Other Income: $28,832
Total Income: $87,672

Ice Caps

5 vs 5 Forward 
   Center                   Left Wing                Right Wing               Time % Phy DF OF 
 1 TJ Galiardi              Patrick Dwyer            Shawn Thornton           35     1   2  2  
 2 Trevor Smith             B.J. Crombeen            Troy Bodie               30     1   2  2  
 3 Derek Grant              Paul Carey               Brandon Yip              22     1   2  2  
 4 Tim Kennedy              TJ Galiardi              Drew LeBlanc             13     1   2  2  

5 vs 5 Defense 
   Defense                  Defense                                           Time % Phy DF OF 
 1 Alex Biega               Bobby Sanguinetti                                 35     1   2  2  
 2 Nick D'Agostino          Nathan Oystrick                                   30     1   2  2  
 3 Barry Goers              FARM PLAYER31                                     22     1   2  2  
 4 Alex Biega               Bobby Sanguinetti                                 13     1   2  2  

PowerPlay Forward 
   Center                   Left Wing                Right Wing               Time % Phy DF OF 
 1 TJ Galiardi              Patrick Dwyer            Shawn Thornton           60     1   2  2  
 2 Trevor Smith             B.J. Crombeen            Troy Bodie               40     1   2  2  

PowerPlay Defense
   Defense                  Defense                                           Time % Phy DF OF 
 1 Alex Biega               Bobby Sanguinetti                                 60     1   2  2  
 2 Nick D'Agostino          Nathan Oystrick                                   40     1   2  2  

Penalty Kill 4 Players Forward 
   Center                   Wing                     Time % Phy DF OF 
 1 TJ Galiardi              Patrick Dwyer            60     1   2  2  
 2 Trevor Smith             Shawn Thornton           40     1   2  2  

Penalty Kill 4 Players Defense
   Defense                  Defense                  Time % Phy DF OF 
 1 Alex Biega               Bobby Sanguinetti        60     1   2  2  
 2 Nick D'Agostino          Nathan Oystrick          40     1   2  2  

Penalty Kill - 3 Players Forward 
   Forward                                           Time % Phy DF OF 
 1 TJ Galiardi                                       60     1   2  2  
 2 Patrick Dwyer                                     40     1   2  2  

Penalty Kill - 3 Players Defense
   Defense                  Defense                  Time % Phy DF OF 
 1 Alex Biega               Bobby Sanguinetti        60     1   2  2  
 2 Nick D'Agostino          Nathan Oystrick          40     1   2  2  

4 vs 4 Forward 
   Center                   Wing                     Time % Phy DF OF 
 1 TJ Galiardi              Patrick Dwyer            60     1   2  2  
 2 Trevor Smith             Shawn Thornton           40     1   2  2  

4 vs 4 Defense
   Defense                  Defense                  Time % Phy DF OF 
 1 Alex Biega               Bobby Sanguinetti        60     1   2  2  
 2 Nick D'Agostino          Nathan Oystrick          40     1   2  2  

Last Minutes Offensive
   Center                   Left Wing                Right Wing               Defense                  Defense                  
   TJ Galiardi              Patrick Dwyer            Shawn Thornton           Alex Biega               Bobby Sanguinetti        

Last Minutes Defensive
   Center                   Left Wing                Right Wing               Defense                  Defense                  
   TJ Galiardi              Patrick Dwyer            Shawn Thornton           Alex Biega               Bobby Sanguinetti        

Goaltenders
Starting : Jeff Zatkoff             
Backup : Scott Greenham           

Extra Forwards
Normal : Kyle MacKinnon, Derek Grant, Paul Carey - PP : Kyle MacKinnon, Derek Grant - PK : Paul Carey
Extra Defensemen
Normal : Barry Goers, FARM PLAYER31, Nick D'Agostino - PP : Barry Goers - PK : FARM PLAYER31, Nick D'Agostino
Penalty Shots
TJ Galiardi, Patrick Dwyer, Trevor Smith, Shawn Thornton, B.J. Crombeen

Senators

5 vs 5 Forward 
   Center                   Left Wing                Right Wing               Time % Phy DF OF 
 1 Cody Hodgson             Emerson Etem             Colin Greening           35     1   2  2  
 2 Ryan Craig               Mike Brown               Greg Nemisz              30     1   2  2  
 3 Kyle Brodziak            Josh Leivo               Kenny Ryan               22     1   2  2  
 4 Philip McRae             Emerson Etem             Connor Brown             13     1   2  2  

5 vs 5 Defense 
   Defense                  Defense                                           Time % Phy DF OF 
 1 Jesse Blacker            Eric Knodel                                       35     1   2  2  
 2 Joe Finley               Viktor Loov                                       30     1   2  2  
 3 Matt Finn                Tom Nilsson                                       22     1   2  2  
 4 Jesse Blacker            Eric Knodel                                       13     1   2  2  

PowerPlay Forward 
   Center                   Left Wing                Right Wing               Time % Phy DF OF 
 1 Cody Hodgson             Emerson Etem             Colin Greening           60     1   2  2  
 2 Ryan Craig               Mike Brown               Greg Nemisz              40     1   2  2  

PowerPlay Defense
   Defense                  Defense                                           Time % Phy DF OF 
 1 Jesse Blacker            Eric Knodel                                       60     1   2  2  
 2 Joe Finley               Viktor Loov                                       40     1   2  2  

Penalty Kill 4 Players Forward 
   Center                   Wing                     Time % Phy DF OF 
 1 Emerson Etem             Cody Hodgson             60     1   2  2  
 2 Colin Greening           Ryan Craig               40     1   2  2  

Penalty Kill 4 Players Defense
   Defense                  Defense                  Time % Phy DF OF 
 1 Jesse Blacker            Eric Knodel              60     1   2  2  
 2 Joe Finley               Viktor Loov              40     1   2  2  

Penalty Kill - 3 Players Forward 
   Forward                                           Time % Phy DF OF 
 1 Emerson Etem                                      60     1   2  2  
 2 Cody Hodgson                                      40     1   2  2  

Penalty Kill - 3 Players Defense
   Defense                  Defense                  Time % Phy DF OF 
 1 Jesse Blacker            Eric Knodel              60     1   2  2  
 2 Joe Finley               Viktor Loov              40     1   2  2  

4 vs 4 Forward 
   Center                   Wing                     Time % Phy DF OF 
 1 Emerson Etem             Cody Hodgson             60     1   2  2  
 2 Colin Greening           Ryan Craig               40     1   2  2  

4 vs 4 Defense
   Defense                  Defense                  Time % Phy DF OF 
 1 Jesse Blacker            Eric Knodel              60     1   2  2  
 2 Joe Finley               Viktor Loov              40     1   2  2  

Last Minutes Offensive
   Center                   Left Wing                Right Wing               Defense                  Defense                  
   Cody Hodgson             Emerson Etem             Colin Greening           Jesse Blacker            Eric Knodel              

Last Minutes Defensive
   Center                   Left Wing                Right Wing               Defense                  Defense                  
   Cody Hodgson             Emerson Etem             Colin Greening           Jesse Blacker            Eric Knodel              

Goaltenders
Starting : Jean-Francois Berube     
Backup : Cedrick Desjardins       

Extra Forwards
Normal : Colton Orr, Josh Leivo, Kenny Ryan - PP : Colton Orr, Josh Leivo - PK : Kenny Ryan
Extra Defensemen
Normal : Matt Finn, Tom Nilsson, Joe Finley - PP : Matt Finn - PK : Tom Nilsson, Joe Finley
Penalty Shots
Emerson Etem, Cody Hodgson, Colin Greening, Ryan Craig, Mike Brown

% Time on Ice - Ice Caps

Lines # - Real PCT - Wanted PCT - Time Play
Normal Forward
1 - 21% - 35% - 9:22
2 - 30% - 30% - 13:25
3 - 30% - 22% - 13:16
4 - 18% - 13% - 8:04
Normal Defense
1 - 31% - 35% - 13:52
2 - 33% - 30% - 14:23
3 - 30% - 22% - 13:10
4 - 6% - 13% - 2:42
PP Forward
1 - 56% - 60% - 4:26
2 - 44% - 40% - 3:30
PP Defense
1 - 56% - 60% - 4:28
2 - 44% - 40% - 3:28
PK Forward
1 - 84% - 60% - 6:43
2 - 16% - 40% - 1:14
PK Defense
1 - 56% - 60% - 4:26
2 - 44% - 40% - 3:31
PK3 Forward
1 - 0% - 60%
2 - 0% - 40%
PK3 Defense
1 - 0% - 60%
2 - 0% - 40%
44 Forward
1 - 100% - 60% - 1:20
2 - 0% - 40% - 0:00
44 Defense
1 - 73% - 60% - 0:58
2 - 28% - 40% - 0:22
Last Minute Offensive  - 0:00
Last Minute Defensive  - 0:00
Total
Forward - 61:20
Defense - 61:20

% Time on Ice - Senators

Lines # - Real PCT - Wanted PCT - Time Play
Normal Forward
1 - 24% - 35% - 10:48
2 - 30% - 30% - 13:16
3 - 32% - 22% - 14:01
4 - 14% - 13% - 6:02
Normal Defense
1 - 29% - 35% - 13:00
2 - 37% - 30% - 16:08
3 - 30% - 22% - 13:17
4 - 4% - 13% - 1:42
PP Forward
1 - 44% - 60% - 3:32
2 - 56% - 40% - 4:25
PP Defense
1 - 50% - 60% - 3:58
2 - 50% - 40% - 3:59
PK Forward
1 - 67% - 60% - 5:21
2 - 33% - 40% - 2:35
PK Defense
1 - 70% - 60% - 5:33
2 - 30% - 40% - 2:23
PK3 Forward
1 - 0% - 60%
2 - 0% - 40%
PK3 Defense
1 - 0% - 60%
2 - 0% - 40%
44 Forward
1 - 100% - 60% - 1:20
2 - 0% - 40% - 0:00
44 Defense
1 - 83% - 60% - 1:06
2 - 18% - 40% - 0:14
Last Minute Offensive  - 0:00
Last Minute Defensive  - 0:00
Total
Forward - 61:20
Defense - 61:20

Play by Play

1st period


0:01 of 1st period - Cody Hodgson wins face-off versus Patrick Dwyer in neutral zone.
0:14 of 1st period - Icing by Patrick Dwyer.
0:15 of 1st period - TJ Galiardi wins face-off versus Cody Hodgson in Ice Caps zone.
0:15 of 1st period - TJ Galiardi is hit by Eric Knodel.
0:22 of 1st period - Minor Penalty to Colin Greening for Holding.
0:23 of 1st period - TJ Galiardi wins face-off versus Emerson Etem in Senators zone.
0:45 of 1st period - Wrist shot by Shawn Thornton.
0:45 of 1st period - Shot Misses the Net.
0:47 of 1st period - Snap shot by Patrick Dwyer.
0:47 of 1st period - Stopped by Jean-Francois Berube with a rebound.
1:17 of 1st period - Eric Knodel is hit by B.J. Crombeen and loses puck.
1:36 of 1st period - Wrist shot by B.J. Crombeen.
1:36 of 1st period - Shot Misses the Net.
1:38 of 1st period - Wrist shot by B.J. Crombeen.
1:38 of 1st period - Deflect By Jesse Blacker.
1:38 of 1st period - Stopped by Jean-Francois Berube without a rebound.
1:39 of 1st period - TJ Galiardi wins face-off versus Emerson Etem in Senators zone.
2:22 of 1st period - Penalty to Colin Greening is over, Colin Greening is back on ice.
2:25 of 1st period - Off-side.
2:26 of 1st period - Ryan Craig wins face-off versus Trevor Smith in neutral zone.
2:43 of 1st period - Slapshot by B.J. Crombeen.
2:43 of 1st period - Stopped by Jean-Francois Berube with a rebound.
2:59 of 1st period - Matt Finn is hit by Derek Grant and loses puck.
3:25 of 1st period - Minor Penalty to Ryan Craig for Holding.
3:26 of 1st period - Trevor Smith wins face-off versus Emerson Etem in Senators zone.
3:33 of 1st period - Icing by Trevor Smith.
3:34 of 1st period - Cody Hodgson wins face-off versus Trevor Smith in Ice Caps zone.
3:51 of 1st period - Snap shot by B.J. Crombeen.
3:51 of 1st period - Shot Misses the Net.
3:53 of 1st period - Slapshot by Nathan Oystrick.
3:53 of 1st period - Stopped by Jean-Francois Berube without a rebound.
3:54 of 1st period - TJ Galiardi wins face-off versus Emerson Etem in Senators zone.
4:49 of 1st period - Snap shot by Colin Greening.
4:49 of 1st period - Shot Misses the Net.
5:23 of 1st period - Slapshot by Emerson Etem.
5:23 of 1st period - Shot Misses the Net.
5:25 of 1st period - Penalty to Ryan Craig is over, Ryan Craig is back on ice.
6:03 of 1st period - Josh Leivo is hit by Brandon Yip and loses puck.
6:18 of 1st period - Ryan Craig is hit by Derek Grant and loses puck.
6:31 of 1st period - Wrist shot by Tim Kennedy.
6:31 of 1st period - Shot Blocked by Matt Finn.
6:51 of 1st period - Minor Penalty to Mike Brown for Holding.
6:52 of 1st period - Trevor Smith wins face-off versus Emerson Etem in Senators zone.
7:30 of 1st period - Wrist shot by Shawn Thornton.
7:30 of 1st period - Stopped by Jean-Francois Berube without a rebound.
7:31 of 1st period - TJ Galiardi wins face-off versus Emerson Etem in Senators zone.
8:06 of 1st period - Wrist shot by Colin Greening.
8:06 of 1st period - Deflect By Ryan Craig.
8:06 of 1st period - Shot Misses the Net.
8:06 of 1st period - Puck is out of play.
8:07 of 1st period - TJ Galiardi wins face-off versus Colin Greening in Ice Caps zone.
8:38 of 1st period - Jesse Blacker is hit by Trevor Smith and loses puck.
8:51 of 1st period - Penalty to Mike Brown is over, Mike Brown is back on ice.
9:03 of 1st period - Derek Grant is hit by Josh Leivo and loses puck.
9:22 of 1st period - Snap shot by Josh Leivo.
9:22 of 1st period - Shot Misses the Net.
9:56 of 1st period - Snap shot by Ryan Craig.
9:56 of 1st period - Stopped by Jeff Zatkoff with a rebound.
9:58 of 1st period - Snap shot by Greg Nemisz.
9:58 of 1st period - Shot Blocked by Drew LeBlanc.
10:24 of 1st period - Wrist shot by Emerson Etem.
10:24 of 1st period - Shot Misses the Net.
10:34 of 1st period - Emerson Etem is hit by Patrick Dwyer and loses puck.
12:17 of 1st period - B.J. Crombeen is hit by Colin Greening and loses puck.
12:44 of 1st period - Kenny Ryan is hit by Barry Goers and loses puck.
13:07 of 1st period - Snap shot by Greg Nemisz.
13:07 of 1st period - Shot Misses the Net.
13:15 of 1st period - Slapshot by Greg Nemisz.
13:15 of 1st period - Shot Misses the Net.
13:17 of 1st period - Wrist shot by Ryan Craig.
13:17 of 1st period - Stopped by Jeff Zatkoff with a rebound.
13:29 of 1st period - Slapshot by Colin Greening.
13:29 of 1st period - Stopped by Jeff Zatkoff with a rebound.
14:48 of 1st period - Snap shot by Trevor Smith.
14:48 of 1st period - Shot Misses the Net.
15:00 of 1st period - Brandon Yip is hit by Eric Knodel.
15:14 of 1st period - Mike Brown is hit by Brandon Yip and loses puck.
15:37 of 1st period - Snap shot by Tim Kennedy.
15:37 of 1st period - Shot Misses the Net.
15:42 of 1st period - Snap shot by TJ Galiardi.
15:42 of 1st period - Deflect By Tim Kennedy.
15:42 of 1st period - Shot Misses the Net.
15:42 of 1st period - Puck is out of play.
15:43 of 1st period - Tim Kennedy wins face-off versus Kyle Brodziak in Senators zone.
15:55 of 1st period - Minor Penalty to Tim Kennedy for High sticking.
15:56 of 1st period - TJ Galiardi wins face-off versus Ryan Craig in Ice Caps zone.
16:04 of 1st period - Snap shot by Greg Nemisz.
16:04 of 1st period - Shot Misses the Net.
16:08 of 1st period - Snap shot by Greg Nemisz.
16:08 of 1st period - Stopped by Jeff Zatkoff with a rebound.
16:10 of 1st period - Snap shot by Viktor Loov.
16:10 of 1st period - Stopped by Jeff Zatkoff without a rebound.
16:11 of 1st period - Ryan Craig wins face-off versus TJ Galiardi in Ice Caps zone.
17:00 of 1st period - Slapshot by Cody Hodgson.
17:00 of 1st period - Shot Misses the Net.
17:02 of 1st period - Snap shot by Emerson Etem.
17:02 of 1st period - Senators goal is going for a video replay.
17:02 of 1st period - The goal is refused. The puck has been kicked using a distinct kicking motion..
17:03 of 1st period - Cody Hodgson wins face-off versus TJ Galiardi in Ice Caps zone.
17:20 of 1st period - Wrist shot by Greg Nemisz.
17:20 of 1st period - Stopped by Jeff Zatkoff with a rebound.
17:39 of 1st period - Nathan Oystrick is hit by Colin Greening and loses puck.
17:55 of 1st period - Penalty to Tim Kennedy is over, Tim Kennedy is back on ice.
18:02 of 1st period - Cody Hodgson is hit by Nathan Oystrick and loses puck.
18:47 of 1st period - Paul Carey is hit by Joe Finley and loses puck.
19:09 of 1st period - Matt Finn is hit by Bobby Sanguinetti.
19:36 of 1st period - Snap shot by Philip McRae.
19:36 of 1st period - Stopped by Jeff Zatkoff with a rebound.
19:38 of 1st period - Wrist shot by Colton Orr.
19:38 of 1st period - Stopped by Jeff Zatkoff with a rebound.
19:58 of 1st period - Slapshot by Greg Nemisz.
19:58 of 1st period - Shot Blocked by Tim Kennedy.
Goals for this period are 0 for Ice Caps vs 0 for Senators.
Shots for this period are 5 for Ice Caps vs 9 for Senators.

2nd period


0:01 of 2nd period - TJ Galiardi wins face-off versus Cody Hodgson in neutral zone.
1:01 of 2nd period - Trevor Smith is hit by Greg Nemisz and loses puck.
1:12 of 2nd period - Wrist shot by Mike Brown.
1:12 of 2nd period - Stopped by Jeff Zatkoff with a rebound.
1:14 of 2nd period - Slapshot by Greg Nemisz.
1:14 of 2nd period - Shot Blocked by Troy Bodie.
1:29 of 2nd period - Snap shot by Kyle Brodziak.
1:29 of 2nd period - Goal by Kyle Brodziak - Ice Caps : 0 - Senators : 1.
1:30 of 2nd period - Derek Grant wins face-off versus Cody Hodgson in neutral zone.
1:34 of 2nd period - Off-side.
1:35 of 2nd period - Cody Hodgson wins face-off versus Derek Grant in neutral zone.
1:54 of 2nd period - Snap shot by Colin Greening.
1:54 of 2nd period - Shot Blocked by Paul Carey.
2:25 of 2nd period - Ryan Craig is hit by Bobby Sanguinetti and loses puck.
2:32 of 2nd period - Trevor Smith is hit by Greg Nemisz and loses puck.
2:50 of 2nd period - Greg Nemisz is hit by Bobby Sanguinetti and loses puck.
3:08 of 2nd period - Kyle Brodziak is hit by Shawn Thornton and loses puck.
3:43 of 2nd period - Nathan Oystrick is hit by Connor Brown and loses puck.
4:00 of 2nd period - Wrist shot by Emerson Etem.
4:00 of 2nd period - Stopped by Jeff Zatkoff without a rebound.
4:01 of 2nd period - Cody Hodgson wins face-off versus Derek Grant in Ice Caps zone.
4:14 of 2nd period - Wrist shot by Emerson Etem.
4:14 of 2nd period - Stopped by Jeff Zatkoff with a rebound.
4:16 of 2nd period - Wrist shot by Cody Hodgson.
4:16 of 2nd period - Stopped by Jeff Zatkoff without a rebound.
4:17 of 2nd period - Cody Hodgson wins face-off versus Paul Carey in Ice Caps zone.
4:18 of 2nd period - Snap shot by Emerson Etem.
4:18 of 2nd period - Shot Misses the Net.
4:55 of 2nd period - Snap shot by Ryan Craig.
4:55 of 2nd period - Stopped by Jeff Zatkoff with a rebound.
4:57 of 2nd period - Slapshot by Viktor Loov.
4:57 of 2nd period - Shot Misses the Net.
4:59 of 2nd period - Snap shot by Viktor Loov.
4:59 of 2nd period - Stopped by Jeff Zatkoff with a rebound.
5:03 of 2nd period - Snap shot by Mike Brown.
5:03 of 2nd period - Stopped by Jeff Zatkoff with a rebound.
5:05 of 2nd period - Snap shot by Mike Brown.
5:05 of 2nd period - Shot Misses the Net.
5:09 of 2nd period - Snap shot by Mike Brown.
5:09 of 2nd period - Shot Misses the Net.
5:11 of 2nd period - Slapshot by Jesse Blacker.
5:11 of 2nd period - Shot Misses the Net.
5:13 of 2nd period - Slapshot by Jesse Blacker.
5:13 of 2nd period - Stopped by Jeff Zatkoff with a rebound.
5:35 of 2nd period - Slapshot by Josh Leivo.
5:35 of 2nd period - Shot Misses the Net.
5:49 of 2nd period - Snap shot by Trevor Smith.
5:49 of 2nd period - Stopped by Jean-Francois Berube without a rebound.
5:50 of 2nd period - Emerson Etem wins face-off versus TJ Galiardi in Senators zone.
5:50 of 2nd period - Emerson Etem is hit by Shawn Thornton.
6:20 of 2nd period - Snap shot by Shawn Thornton.
6:20 of 2nd period - Stopped by Jean-Francois Berube with a rebound.
6:22 of 2nd period - Slapshot by Patrick Dwyer.
6:22 of 2nd period - Stopped by Jean-Francois Berube with a rebound.
6:24 of 2nd period - Wrist shot by Shawn Thornton.
6:24 of 2nd period - Shot Hit the Post.
6:34 of 2nd period - Wrist shot by B.J. Crombeen.
6:34 of 2nd period - Shot Misses the Net.
6:36 of 2nd period - Backhand shot by Trevor Smith.
6:36 of 2nd period - Shot Misses the Net.
6:38 of 2nd period - Snap shot by Troy Bodie.
6:38 of 2nd period - Stopped by Jean-Francois Berube without a rebound.
6:39 of 2nd period - Trevor Smith wins face-off versus Mike Brown in Senators zone.
6:47 of 2nd period - Troy Bodie is hit by Greg Nemisz and loses puck.
7:31 of 2nd period - Drew LeBlanc is hit by Viktor Loov and loses puck.
7:50 of 2nd period - Snap shot by Kyle Brodziak.
7:50 of 2nd period - Shot Blocked by TJ Galiardi.
8:24 of 2nd period - Emerson Etem is hit by Derek Grant and loses puck.
8:43 of 2nd period - Trevor Smith is hit by Eric Knodel and loses puck.
9:30 of 2nd period - Snap shot by Paul Carey.
9:30 of 2nd period - Deflect By Derek Grant.
9:30 of 2nd period - Shot Blocked by Kyle Brodziak.
9:30 of 2nd period - Puck is out of play.
9:31 of 2nd period - Brandon Yip wins face-off versus Emerson Etem in Senators zone.
9:35 of 2nd period - Icing by Viktor Loov.
9:36 of 2nd period - Derek Grant wins face-off versus Colin Greening in Senators zone.
9:57 of 2nd period - Viktor Loov is hit by Trevor Smith and loses puck.
10:20 of 2nd period - Ryan Craig is hit by Nathan Oystrick and loses puck.
11:34 of 2nd period - Eric Knodel is hit by Tim Kennedy and loses puck.
11:53 of 2nd period - Bobby Sanguinetti is hit by Ryan Craig and loses puck.
12:26 of 2nd period - B.J. Crombeen is hit by Colin Greening.
12:37 of 2nd period - Trevor Smith is hit by Colton Orr.
12:41 of 2nd period - Colton Orr is hit by B.J. Crombeen and loses puck.
13:02 of 2nd period - Minor Penalty to Tom Nilsson for Elbowing.
13:03 of 2nd period - Kyle MacKinnon wins face-off versus Emerson Etem in Senators zone.
13:09 of 2nd period - Off-side.
13:10 of 2nd period - Emerson Etem wins face-off versus Kyle MacKinnon in neutral zone.
13:41 of 2nd period - Jesse Blacker is hit by Shawn Thornton.
14:44 of 2nd period - Icing by Trevor Smith.
14:45 of 2nd period - Trevor Smith wins face-off versus Emerson Etem in Ice Caps zone.
14:56 of 2nd period - B.J. Crombeen is hit by Kenny Ryan and loses puck.
15:02 of 2nd period - Penalty to Tom Nilsson is over, Tom Nilsson is back on ice.
16:24 of 2nd period - Snap shot by Emerson Etem.
16:24 of 2nd period - Deflect By Connor Brown.
16:24 of 2nd period - Stopped by Jeff Zatkoff with a rebound.
16:26 of 2nd period - Slapshot by Joe Finley.
16:26 of 2nd period - Stopped by Jeff Zatkoff without a rebound.
16:27 of 2nd period - Philip McRae wins face-off versus Derek Grant in Ice Caps zone.
16:40 of 2nd period - Emerson Etem is hit by Derek Grant and loses puck.
16:59 of 2nd period - Snap shot by Patrick Dwyer.
16:59 of 2nd period - Shot Misses the Net.
17:25 of 2nd period - Tom Nilsson is hit by Nick D'Agostino.
18:02 of 2nd period - Drew LeBlanc is hit by Josh Leivo.
18:12 of 2nd period - Snap shot by Tim Kennedy.
18:12 of 2nd period - Shot Misses the Net.
18:18 of 2nd period - Eric Knodel is hit by Barry Goers and loses puck.
18:43 of 2nd period - Nathan Oystrick is hit by Eric Knodel and loses puck.
18:54 of 2nd period - Snap shot by Greg Nemisz.
18:54 of 2nd period - Stopped by Jeff Zatkoff without a rebound.
18:55 of 2nd period - Ryan Craig wins face-off versus Derek Grant in Ice Caps zone.
19:02 of 2nd period - Slapshot by Mike Brown.
19:02 of 2nd period - Shot Misses the Net.
19:10 of 2nd period - Snap shot by Mike Brown.
19:10 of 2nd period - Deflect By Derek Grant.
19:10 of 2nd period - Shot Misses the Net.
19:10 of 2nd period - Puck is out of play.
19:11 of 2nd period - Kyle Brodziak wins face-off versus Trevor Smith in Ice Caps zone.
Goals for this period are 0 for Ice Caps vs 1 for Senators.
Shots for this period are 4 for Ice Caps vs 12 for Senators.

3rd period


0:01 of 3rd period - TJ Galiardi wins face-off versus Cody Hodgson in neutral zone.
0:37 of 3rd period - Slapshot by Eric Knodel.
0:37 of 3rd period - Shot Blocked by Shawn Thornton.
0:43 of 3rd period - Double Minor Penalty to Bobby Sanguinetti for High sticking.
0:44 of 3rd period - Ryan Craig wins face-off versus TJ Galiardi in Ice Caps zone.
1:04 of 3rd period - Snap shot by TJ Galiardi.
1:04 of 3rd period - Goal by TJ Galiardi - Ice Caps : 1 - Senators : 1.
1:05 of 3rd period - Cody Hodgson wins face-off versus TJ Galiardi in neutral zone.
1:38 of 3rd period - Patrick Dwyer is hit by Colin Greening and loses puck.
2:41 of 3rd period - Off-side.
2:42 of 3rd period - Cody Hodgson wins face-off versus TJ Galiardi in neutral zone.
3:27 of 3rd period - Viktor Loov is hit by Shawn Thornton.
3:37 of 3rd period - Derek Grant is hit by Mike Brown.
3:47 of 3rd period - Snap shot by Alex Biega.
3:47 of 3rd period - Shot Misses the Net.
4:06 of 3rd period - Snap shot by Derek Grant.
4:06 of 3rd period - Shot Misses the Net.
4:38 of 3rd period - Wrist shot by Emerson Etem.
4:38 of 3rd period - Stopped by Jeff Zatkoff without a rebound.
4:39 of 3rd period - Derek Grant wins face-off versus Cody Hodgson in Ice Caps zone.
4:43 of 3rd period - Penalty to Bobby Sanguinetti is over, Bobby Sanguinetti is back on ice.
5:08 of 3rd period - Wrist shot by Josh Leivo.
5:08 of 3rd period - Stopped by Jeff Zatkoff without a rebound.
5:09 of 3rd period - Kyle Brodziak wins face-off versus Trevor Smith in Ice Caps zone.
5:12 of 3rd period - Snap shot by Kyle Brodziak.
5:12 of 3rd period - Shot Misses the Net.
5:14 of 3rd period - Snap shot by Kenny Ryan.
5:14 of 3rd period - Stopped by Jeff Zatkoff with a rebound.
5:16 of 3rd period - Slapshot by Kenny Ryan.
5:16 of 3rd period - Stopped by Jeff Zatkoff without a rebound.
5:17 of 3rd period - Kyle Brodziak wins face-off versus Trevor Smith in Ice Caps zone.
5:55 of 3rd period - Minor Penalty to Troy Bodie for Roughing.
5:56 of 3rd period - Cody Hodgson wins face-off versus TJ Galiardi in Ice Caps zone.
5:58 of 3rd period - Snap shot by Colin Greening.
5:58 of 3rd period - Shot Misses the Net.
6:00 of 3rd period - Slapshot by Emerson Etem.
6:00 of 3rd period - Shot Misses the Net.
6:02 of 3rd period - Snap shot by Colin Greening.
6:02 of 3rd period - Shot Misses the Net.
6:04 of 3rd period - Wrist shot by Emerson Etem.
6:04 of 3rd period - Stopped by Jeff Zatkoff with a rebound.
7:55 of 3rd period - Penalty to Troy Bodie is over, Troy Bodie is back on ice.
8:47 of 3rd period - Wrist shot by Josh Leivo.
8:47 of 3rd period - Stopped by Jeff Zatkoff with a rebound.
9:34 of 3rd period - Bobby Sanguinetti is hit by Kyle Brodziak and loses puck.
9:39 of 3rd period - Backhand shot by Josh Leivo.
9:39 of 3rd period - Shot Misses the Net.
10:20 of 3rd period - TJ Galiardi is hit by Jesse Blacker and loses puck.
10:29 of 3rd period - Wrist shot by Philip McRae.
10:29 of 3rd period - Shot Blocked by Nick D'Agostino.
10:31 of 3rd period - Wrist shot by Joe Finley.
10:31 of 3rd period - Shot Blocked by Drew LeBlanc.
10:33 of 3rd period - Slapshot by Viktor Loov.
10:33 of 3rd period - Deflect By TJ Galiardi.
10:33 of 3rd period - Stopped by Jeff Zatkoff without a rebound.
10:34 of 3rd period - Philip McRae wins face-off versus Drew LeBlanc in Ice Caps zone.
10:59 of 3rd period - Wrist shot by Trevor Smith.
10:59 of 3rd period - Shot Misses the Net.
11:01 of 3rd period - Slapshot by B.J. Crombeen.
11:01 of 3rd period - Stopped by Jean-Francois Berube with a rebound.
11:03 of 3rd period - Wrist shot by Trevor Smith.
11:03 of 3rd period - Stopped by Jean-Francois Berube without a rebound.
11:04 of 3rd period - Cody Hodgson wins face-off versus Trevor Smith in Senators zone.
11:57 of 3rd period - Wrist shot by Josh Leivo.
11:57 of 3rd period - Stopped by Jeff Zatkoff without a rebound.
11:58 of 3rd period - Ryan Craig wins face-off versus TJ Galiardi in Ice Caps zone.
12:23 of 3rd period - Wrist shot by Mike Brown.
12:23 of 3rd period - Stopped by Jeff Zatkoff without a rebound.
12:24 of 3rd period - Cody Hodgson wins face-off versus Derek Grant in Ice Caps zone.
12:29 of 3rd period - Snap shot by Cody Hodgson.
12:29 of 3rd period - Shot Misses the Net.
12:35 of 3rd period - Snap shot by Emerson Etem.
12:35 of 3rd period - Deflect By Colin Greening.
12:35 of 3rd period - Stopped by Jeff Zatkoff without a rebound.
12:36 of 3rd period - Derek Grant wins face-off versus Cody Hodgson in Ice Caps zone.
12:47 of 3rd period - Wrist shot by Paul Carey.
12:47 of 3rd period - Shot Blocked by Emerson Etem.
13:01 of 3rd period - Derek Grant is hit by Cody Hodgson and loses puck.
13:27 of 3rd period - Snap shot by Kyle Brodziak.
13:27 of 3rd period - Shot Blocked by Bobby Sanguinetti.
13:29 of 3rd period - Snap shot by Kyle Brodziak.
13:29 of 3rd period - Shot Blocked by Troy Bodie.
14:52 of 3rd period - Snap shot by Kyle MacKinnon.
14:52 of 3rd period - Stopped by Jean-Francois Berube without a rebound.
14:53 of 3rd period - Kyle Brodziak wins face-off versus Tim Kennedy in Senators zone.
14:53 of 3rd period - Kyle Brodziak is hit by Tim Kennedy.
15:05 of 3rd period - Backhand shot by Josh Leivo.
15:05 of 3rd period - Stopped by Jeff Zatkoff without a rebound.
15:06 of 3rd period - Kyle Brodziak wins face-off versus Paul Carey in Ice Caps zone.
15:19 of 3rd period - Slapshot by Josh Leivo.
15:19 of 3rd period - Stopped by Jeff Zatkoff without a rebound.
15:20 of 3rd period - Ryan Craig wins face-off versus Derek Grant in Ice Caps zone.
15:21 of 3rd period - Snap shot by Mike Brown.
15:21 of 3rd period - Shot Misses the Net.
15:45 of 3rd period - Wrist shot by Greg Nemisz.
15:45 of 3rd period - Stopped by Jeff Zatkoff with a rebound.
15:47 of 3rd period - Wrist shot by Greg Nemisz.
15:47 of 3rd period - Shot Blocked by Brandon Yip.
15:56 of 3rd period - Icing by Jesse Blacker.
15:57 of 3rd period - Trevor Smith wins face-off versus Ryan Craig in Senators zone.
15:58 of 3rd period - Wrist shot by B.J. Crombeen.
15:58 of 3rd period - Stopped by Jean-Francois Berube with a rebound.
16:00 of 3rd period - Slapshot by Trevor Smith.
16:00 of 3rd period - Shot Misses the Net.
16:02 of 3rd period - Wrist shot by Troy Bodie.
16:02 of 3rd period - Stopped by Jean-Francois Berube without a rebound.
16:03 of 3rd period - Trevor Smith wins face-off versus Cody Hodgson in Senators zone.
16:22 of 3rd period - Slapshot by Trevor Smith.
16:22 of 3rd period - Shot Misses the Net.
16:24 of 3rd period - Wrist shot by Trevor Smith.
16:24 of 3rd period - Deflect By B.J. Crombeen.
16:24 of 3rd period - Shot Misses the Net.
16:24 of 3rd period - Puck is out of play.
16:25 of 3rd period - TJ Galiardi wins face-off versus Kyle Brodziak in Senators zone.
17:20 of 3rd period - Ryan Craig is hit by Troy Bodie and loses puck.
17:27 of 3rd period - Snap shot by B.J. Crombeen.
17:27 of 3rd period - Stopped by Jean-Francois Berube with a rebound.
17:29 of 3rd period - Backhand shot by Bobby Sanguinetti.
17:29 of 3rd period - Stopped by Jean-Francois Berube without a rebound.
17:30 of 3rd period - Trevor Smith wins face-off versus Cody Hodgson in Senators zone.
17:39 of 3rd period - Slapshot by B.J. Crombeen.
17:39 of 3rd period - Stopped by Jean-Francois Berube with a rebound.
17:51 of 3rd period - Wrist shot by Trevor Smith.
17:51 of 3rd period - Stopped by Jean-Francois Berube with a rebound.
17:53 of 3rd period - Wrist shot by Troy Bodie.
17:53 of 3rd period - Stopped by Jean-Francois Berube with a rebound.
18:43 of 3rd period - Paul Carey is hit by Joe Finley and loses puck.
19:06 of 3rd period - Icing by Kyle Brodziak.
19:07 of 3rd period - Kyle Brodziak wins face-off versus Tim Kennedy in Senators zone.
19:12 of 3rd period - TJ Galiardi is hit by Kyle Brodziak.
19:18 of 3rd period - Kyle Brodziak is hit by Nathan Oystrick and loses puck.
19:56 of 3rd period - Patrick Dwyer is hit by Eric Knodel and loses puck.
Goals for this period are 1 for Ice Caps vs 0 for Senators.
Shots for this period are 11 for Ice Caps vs 13 for Senators.

Overtime #1


0:01 of 1st overtime period - Emerson Etem wins face-off versus TJ Galiardi in neutral zone.
0:56 of 1st overtime period - Alex Biega is hit by Emerson Etem and loses puck.
1:03 of 1st overtime period - Snap shot by TJ Galiardi.
1:03 of 1st overtime period - Stopped by Jean-Francois Berube with a rebound.
1:05 of 1st overtime period - Wrist shot by TJ Galiardi.
1:05 of 1st overtime period - Stopped by Jean-Francois Berube without a rebound.
1:06 of 1st overtime period - TJ Galiardi wins face-off versus Emerson Etem in Senators zone.
1:18 of 1st overtime period - Slapshot by Cody Hodgson.
1:18 of 1st overtime period - Shot Misses the Net.
1:20 of 1st overtime period - Snap shot by Emerson Etem.
1:20 of 1st overtime period - Goal by Emerson Etem - Ice Caps : 1 - Senators : 2.
Goals for this period are 0 for Ice Caps vs 1 for Senators.
Shots for this period are 2 for Ice Caps vs 1 for Senators.